Unix NetHack Version 5.0.0-0 post-release - last build May 17 2026 04:57:42 (dc50c8380fa5e20985bfe3072449f57b8d9895ef,branch:main).

Game began 2026-05-19 13:22:13, ended 2026-05-19 14:51:50.

Drastanta, lawful male human Samurai

      ----------
      |........|
      |.........#
      |........|#
      |........|#
      ---.------#
       ###      #
      ##        #
      #         #
   ---.------   #
   |........|   #
   |%......<|   ##
   |........|    #
   ----------    #-.---
                 #|...|
                 #..f@a
                  -----

Drastanta the Ninja    St:15 Dx:14 Co:18 In:11 Wi:12 Ch:7  Lawful
Dlvl:7  $:3851 HP:0(83) Pw:35(35) AC:2  Xp:8 T:4403 

Latest messages:
 The snake is killed!
 The large cat picks up a scale mail.
 The large cat drops a scale mail.
 You stop.  Your large cat is in the way!
 You see here a scale mail.
 You have a little trouble lifting a scale mail.  Continue? [ynq] (q) y
 You have a little trouble lifting L - a scale mail.
 Your movements are slowed slightly because of your load.
 What do you want to wear? [*] ?
 Never mind.
 What do you want to wear? [*] ?
 You cannot wear armor over a cloak.
 What do you want to take off? [gyU or ?*] ?
 You were wearing an uncursed +0 dwarvish cloak.
 What do you want to wear? [LU or ?*] L
 You finish your dressing maneuver.
 What do you want to wear? [U or ?*] U
 You are now wearing a dwarvish cloak.
 What do you want to drop? [$a-zA-FH-OQSU or ?*] ?
 Never mind.
 What do you want to read? [lmrzBIKMQ or ?*] Q
 As you read the scroll, it disappears.
 This is an identify scroll.
 h - an uncursed ring of conflict.
 k - an uncursed ring of polymorph control.
 j - an uncursed ring of stealth.
 A - an uncursed ring of levitation.
 Your movements are now unencumbered.
 What do you want to read? [lmrzBIKM or ?*] ?
 As you read the scroll, it disappears.
 K - 2 uncursed scrolls of enchant weapon.
 M - an uncursed scroll of light.
 B - an uncursed scroll of teleportation.
 m - 2 uncursed scrolls of create monster.
 You swap places with your large cat.
 You swap places with your large cat.
 The fire ant bites!
 The fire ant bites again!
 You're on fire!
 The fire ant bites!
 The fire ant bites again!
 You avoid harm.
 You hit the fire ant!
 The fire ant bites!
 You die...
 Do you want your possessions identified? [ynq] (y) y
 Do you want to see your attributes? [ynq] (y) y
 Do you want an account of creatures vanquished? [ynaq] (y) y
 Do you want to see your conduct and achievements? [ynq] (y) y
 Do you want to see the dungeon overview? [ynq] (y) y

Inventory:
 Coins    ('$')
  $ - 3851 gold pieces
 Weapons  (')')
  d - 30 +0 ya
  c - a +0 yumi (alternate weapon; not wielded)
  a - a blessed +0 katana
  b - a +0 wakizashi
 Armor    ('[')
  y - an uncursed +2 orcish helm (being worn)
  g - an uncursed +0 pair of low boots (being worn)
  U - an uncursed +0 dwarvish cloak (being worn)
  L - an uncursed +0 scale mail (being worn)
 Comestibles  ('%')
  e - a cursed slime mold
  f - 2 cursed candy bars labeled "Om-nom"
  n - an uncursed fortune cookie
  q - 2 uncursed gunyoki
  p - 3 uncursed pancakes
  u - an uncursed tripe ration
 Scrolls  ('?')
  m - 2 uncursed scrolls of create monster
  K - 2 uncursed scrolls of enchant weapon
  r - a cursed scroll of enchant weapon
  M - an uncursed scroll of light
  l - an uncursed scroll of scare monster
  B - an uncursed scroll of teleportation
  z - a cursed scroll of teleportation
 Potions  ('!')
  s - an uncursed potion of blindness
  t - a blessed potion of extra healing
  O - an uncursed potion of gain energy
  H - an uncursed potion of healing
  v - 3 cursed potions of healing
  x - an uncursed potion of restore ability
  i - 2 uncursed potions of water
 Rings    ('=')
  h - an uncursed ring of conflict
  A - an uncursed ring of levitation
  k - an uncursed ring of polymorph control
  j - an uncursed ring of stealth
 Wands    ('/')
  w - a cursed wand of locking (0:4)
  N - a wand of magic missile (0:0)
  C - a cursed wand of opening (0:6)
  D - a cursed wand of sleep (0:6)
  J - a wand of stasis (0:5)
 Tools    ('(')
  E - a cursed sack containing 2 items
  S - an uncursed magic whistle
  o - an uncursed skeleton key
 Gems/Stones  ('*')
  F - a cursed touchstone

Contents of the sack:
  a blessed scroll of charging
  an uncursed scroll of destroy armor

Drastanta the Samurai's attributes:

Background:
 You were a Ninja, a level 8 male human Samurai.
 You were lawful, on a mission for Amaterasu Omikami
 who was opposed by Raijin (neutral) and Susanowo (chaotic).
 You were right-handed.
 You were in the Dungeons of Doom, on level 7.
 You entered the dungeon 4403 turns ago.
 There was a new moon in effect when your adventure ended.
 You had 1641 experience points, 919 more were needed to attain level 9.

Basics:
 You had 0 out of 83 hit points.
 You had all 35 energy points (spell power).
 Your armor class was 2.
 Your wallet contained 3851 zorkmids.
 Autopickup was off.

Final Characteristics:
 Your strength was 15 (limit:18/100).
 Your dexterity was 14 (limit:18).
 Your constitution was 18 (limit:18).
 Your intelligence was 11 (limit:18).
 Your wisdom was 12 (limit:18).
 Your charisma was 7 (limit:18).

Final Status:
 You weren't hungry.
 You were unencumbered.
 You were bare handed.
 You had basic skill with martial arts.

Final Attributes:
 You were piously aligned.
 Your items were somewhat protected from fire.
 Your items were somewhat protected from cold.
 You were telepathic.
 You were warded.
 You were fast.
 You are dead.

Miscellaneous:
 You encountered 2 bones levels.
 Total elapsed playing time was 1 hour, 15 minutes and 36 seconds.

Major events:
 Turn
    1: Drastanta the lawful male human Samurai entered the dungeon
 1030: entered the Gnomish Mines
 1047: attained the rank of Ronin (level 3)
 1553: attained the rank of Ninja (level 6)
 1746: reached Mine Town
 4403: killed by a fire ant

You didn't know any spells.

Skills:
 Fighting Skills
   martial arts      [Basic]
   two weapon combat [Unskilled]
   riding            [Unskilled]
 Weapon Skills
   dagger            [Unskilled]
   knife             [Unskilled]
   short sword       [Basic]
   broadsword        [Unskilled]
   long sword        [Skilled]
   two-handed sword  [Unskilled]
   saber             [Unskilled]
   flail             [Unskilled]
   quarterstaff      [Unskilled]
   polearms          [Unskilled]
   spear             [Unskilled]
   lance             [Unskilled]
   bow               [Basic]
   shuriken          [Unskilled]
 Spellcasting Skills
   attack spells     [Unskilled]
   divination spells [Unskilled]
   clerical spells   [Unskilled]

Voluntary challenges:
 Character rerolling was not enabled.
 You never genocided any monsters.
 You never polymorphed an object.
 You used no wishes.
Achievements:
 You entered a shop.
 You entered the Gnomish Mines.
 You attained the rank of Ronin.
 You attained the rank of Ninja.
 You entered Minetown.
 You entered a temple.

 The Dungeons of Doom: levels 1 to 7
    Level 1:
    Level 2:
       A fountain.
    Level 3:
    Level 4:
       A general store, a fountain.
       Stairs down to The Gnomish Mines.
    Level 5:
       Final resting place for
          Nestorix-Arc-Hum-Mal-Law, killed by a gnome lady.
    Level 6:
       Many fountains.
    Level 7: <- You were here.
       Final resting place for
          you, killed by a fire ant.
 The Gnomish Mines: levels 5 to 10
    Level 5:
       A grave.
       Final resting place for
          imshmorby-Val-Dwa-Fem-Law, killed by a giant ant.
    Level 6:
    Level 7:
       Many shops, a temple and an altar, many fountains.
    Level 8:
    Level 9:
    Level 10:


Vanquished creatures:
  2 ghosts
  a large mimic
  2 small mimics
  a leprechaun
  2 giant spiders
  a horse
 an ice vortex
  a gnome ruler
  a lizard
  a dingo
  a jaguar
  2 snakes
  3 apes
  a human zombie
 an imp
  a wood nymph
  2 water nymphs
 an orc shaman
  a rock mole
  2 ponies
  a yellow light
  a violet fungus
 10 gnome leaders
  3 gnomish wizards
  a gray ooze
 an elf zombie
  a straw golem
  5 giant ants
  2 floating eyes
  a dwarf
  5 hill orcs
  2 rothes
  a rabid rat
  a werejackal
  a hobbit
  3 cave spiders
  a yellow mold
 47 gnomes
  2 garter snakes
  2 geckos
  2 jackals
  a fox
  a kobold
  a goblin
  3 sewer rats
  a grid bug
  a bat
  3 lichens
  4 newts
136 creatures vanquished.

No species were genocided or became extinct.

Game over:
                       ----------
                      /          \
                     /    REST    \
                    /      IN      \
                   /     PEACE      \
                  /                  \
                  |    Drastanta     |
                  |     3851 Au      |
                  | killed by a fire |
                  |       ant        |
                  |                  |
                  |                  |
                  |       2026       |
                 *|     *  *  *      | *
        _________)/\\_//(\/(/\)/\//\/|_)_______

Sayonara Drastanta the Samurai...

You died in The Dungeons of Doom on dungeon level 7 with 10530 points,
and 3851 pieces of gold, after 4403 moves.
You were level 8 with a maximum of 83 hit points when you died.

